 Dungeon Crawl Stone Soup version 0.29.1-2-gbd0b4ee654 (webtiles) character file.

Game seed: 12008756063252147679

49 xSliceyx the Trooper (level 4, 39/39 HPs)
             Began as a Formicid Abyssal Knight on Nov 25, 2022.
             Was a Believer of Lugonu.
             Quit the game on level 2 of the Dungeon.
             The game lasted 00:03:36 (1022 turns).

xSliceyx the Trooper (Formicid Abyssal Knight)      Turns: 1022, Time: 00:03:37

Health: 39/39      AC:  3    Str: 19    XL:     4   Next: 2%
Magic:  5/5        EV: 11    Int: 10    God:    Lugonu [**....]
Gold:   41         SH:  0    Dex: 14    Spells: 3/3 levels left

rFire   . . .      SeeInvis +   a - +1 spear
rCold   . . .      Faith    .   (no shield)
rNeg    . . .      Spirit   .   b - +0 leather armour
rPois   .          Reflect  .   (helmet unavailable)
rElec   .          Harm     .   (no cloak)
rCorr   .          Rampage  .   (no gloves)
Will    .....                   (no boots)
Stlth   +.........              (no amulet)
HPRegen 0.13/turn               (no ring)
MPRegen 0.09/turn               (no ring)

@: no status effects
A: permanent stasis, dig shafts and tunnels, antennae 3, four strong arms
a: Dig, Shaft Self, Renounce Religion, Depart the Abyss, Bend Space


You were on level 2 of the Dungeon.
You worshipped Lugonu.
Lugonu was pleased with you.
You visited 1 branch of the dungeon, and saw 2 of its levels.
You visited the Abyss 1 time.

You collected 41 gold pieces.

Inventory:

Hand Weapons
 a - a +1 spear (weapon)
Missiles
 n - 6 poisoned darts
Armour
 b - a +0 leather armour (worn)
Jewellery
 h - a ring of fire
Scrolls
 c - a scroll of teleportation {unknown}
 d - 2 scrolls of enchant weapon {unknown}
 e - a scroll of fog {unknown}
 f - a scroll of amnesia {unknown}
 i - 4 scrolls of identify {unknown}
 l - 2 scrolls of immolation {unknown}
 m - a scroll of acquirement {unknown}
Potions
 g - 2 potions of haste {unknown}
 j - a potion of lignification {unknown}
 k - a potion of resistance {unknown}


   Skills:
 + Level 5.0 Fighting
 - Level 2.0 Polearms
 - Level 2.2 Armour
 - Level 0.8 Dodging
 - Level 2.2 Invocations


You had 3 spell levels left.
You didn't know any spells.
Your spell library was empty.

Dungeon Overview and Level Annotations

Branches:
Dungeon (2/15)

Altars:


Innate Abilities, Weirdness & Mutations

You cannot be hasted, slowed, berserked, paralysed or teleported.
You can dig through walls and to a lower floor.
You have a pair of large antennae on your head. (SInv)
Your four strong arms can wield two-handed weapons with a shield.


Message History

The ball python grabs you. The ball python constricts you.
You closely miss the ball python. The ball python completely misses you.
The ball python constricts you.
You hit the ball python.
You kill the ball python!
Lugonu accepts your kill.
No target in view!
No target in view!
Found a stone staircase leading down.
There is a stone staircase leading down here.
A hobgoblin comes into view.
The hobgoblin shouts!
Found a robe.
You reach to attack!
You hit the hobgoblin.
The hobgoblin is almost dead.
You hit the hobgoblin.
You kill the hobgoblin!
Lugonu accepts your kill.
You have reached level 4!
You feel clever.
Found a scale mail.
No target in view!
No target in view!
A rat comes into view.
You see here a scroll labelled CUQEACV HOTEUL.
A rat is nearby!
A rat is nearby!
You see here a +0 scale mail.
You reach to attack!
You hit the rat but do no damage. You barely miss the rat.
The rat closely misses you.
You hit the rat.
You kill the rat!
Lugonu accepts your kill.
No target in view!
No target in view!
You see here a +0 scale mail.
m - a scroll labelled CUQEACV HOTEUL You see here 6 poisoned darts.
n - 6 poisoned darts Are you sure you want to abandon this character and quit the game? (Confirm with "yes".)

#......)......#
######
#####...÷...###
#######.# #.....##
#......##
#.......###
#.....#...#
#.....###.## #@....#
#..###
############...####
#...†..[..........##
#.#############.....
###.#. ...#. #####.
.. ##.


There were no monsters in sight!

Vanquished Creatures
  Jessica (D:2)
  2 endoplasms (D:1)
  2 giant cockroaches (D:1)
  2 goblins (D:1)
  4 hobgoblins
  6 ball pythons
  A bat (D:1)
  A frilled lizard (D:2)
  4 rats
23 creatures vanquished.

Notes
Turn   | Place    | Note
-------+----------+-------------------------------------------
     0 | Abyss:1  | xSliceyx the Formicid Abyssal Knight began the quest for
                  | the Orb.
     0 | Abyss:1  | Reached XP level 1. HP: 18/18 MP: 2/2
    18 | Abyss:1  | Found a corrupted altar of Lugonu.
   100 | Abyss:1  | Noticed a bone dragon
   102 | D:1      | Escaped the Abyss
   237 | D:1      | Reached XP level 2. HP: 25/25 MP: 3/3
   330 | D:1      | Found a faded altar of an unknown god.
   333 | D:1      | Reached ** piety under Lugonu
   334 | D:1      | Reached skill level 4 in Fighting
   663 | D:2      | Noticed Jessica
   678 | D:2      | Killed Jessica
   679 | D:2      | Reached skill level 5 in Fighting
   679 | D:2      | Reached XP level 3. HP: 6/33 MP: 4/4
   979 | D:2      | Reached XP level 4. HP: 39/39 MP: 5/5
  1022 | D:2      | Quit the game

Illustrated notes

Levels and vault maps discovered:
D:1:      eino_arrival_water_cross, layout_basic,
          shapermc_ecumenical_altar_pompeii, minmay_cut_off
D:2:      layout_basic, dk_noncrumbling_2, kennysheep_generic_room_6,
          uniq_jessica

Skill      XL: |  1  2 |
---------------+-------+-----
Fighting       | 5 |  5.0
Polearms       | |  2.0
Armour         | |  2.2
Dodging        | |  0.8
Invocations    | |  2.2

Action                   |  1- 3 |  4- 6 || total
-------------------------+-------+-------++-------
Melee: Spear             |    64 |     3 ||    67
       Punch             |     1 |       ||     1
Invok: Depart the Abyss  |     1 |       ||     1
 Stab: Sleeping          |     1 |       ||     1
       Distracted        |     1 |       ||     1
Armor: Leather armour    |     8 |       ||     8
Dodge: Dodged            |    21 |     1 ||    22
